 Dungeon Crawl Stone Soup version 0.27-a0-1322-gfdffb62a71 (webtiles) character file.

Game seed: 3235075563850148997

26 Sabo the Shield-Bearer (level 3, -1/23 HPs)
             Began as a Gargoyle Fighter on June 23, 2021.
             Slain by a goblin (5 damage)
             ... led by Robin
             ... on level 2 of the Dungeon.
             The game lasted 00:07:36 (1771 turns).

Sabo the Shield-Bearer (Gargoyle Fighter)           Turns: 1771, Time: 00:07:38

Health: -1/23      AC: 12    Str: 19    XL:     3   Next: 8%
Magic:  3/3        EV:  7    Int:  8    God:
Gold:   53         SH:  9    Dex: 10    Spells: 2/2 levels left

rFire    . . .     SeeInvis .   a - +0 flail
rCold    . . .     Faith    .   c - +0 kite shield
rNeg     + . .     Spirit   .   b - +0 scale mail
rPois    ∞         Reflect  .   f - +0 helmet
rElec    +         Harm     .   (no cloak)
rCorr    .         Rampage  .   i - +0 pair of gloves
Will     .....                  (no boots)
Stlth    ..........             (no amulet)
HPRegen  0.07/turn              (no ring)
MPRegen  0.08/turn              (no ring)

@: no status effects
A: sickness immunity, AC +3, negative energy resistance 1, electricity
resistance, torment resistance 1, petrification resistance
a: no special abilities


You were on level 2 of the Dungeon.
You visited 1 branch of the dungeon, and saw 2 of its levels.

You collected 53 gold pieces.

Inventory:

Hand Weapons
 a - a +0 flail (weapon)
 l - a +0 hand axe
Missiles
 e - 17 arrows
 g - 17 poisoned darts
 h - 26 sling bullets
 n - 8 boomerangs of dispersal (quivered)
Armour
 b - a +0 scale mail (worn)
 c - a +0 kite shield (worn)
 f - a +0 helmet (worn)
 i - a +0 pair of gloves (worn)
Potions
 d - a potion of might
 k - a potion of curing


   Skills:
 + Level 3.5 Fighting
 + Level 2.5 Maces & Flails
 + Level 3.5 Armour
 + Level 0.1 Dodging
 + Level 3.7 Shields


You had 2 spell levels left.
You didn't know any spells.
Your spell library contained the following spells:

 Spells                   Type           Power      Damage    Failure   Level
 Gell's Gravitas          Tloc           0%         N/A       100%        3
 Portal Projectile        Hex/Tloc       0%         N/A       100%        3
 Passage of Golubria      Tloc           N/A        N/A       100%        4
 Manifold Assault         Tloc           0%         N/A       100%        5
 Dispersal                Tloc           0%         N/A       100%        6
 Disjunction              Tloc           0%         N/A       100%        8


Dungeon Overview and Level Annotations

Branches:
Dungeon (2/15)

Altars:

Annotations:
D:2 Robin


Innate Abilities, Weirdness & Mutations

You are immune to sickness and miasma.
Your stone body is resilient. (AC +3)
You are immune to poison.
You resist negative energy. (rN+)
You are resistant to electric shocks. (rElec)
You are resistant to unholy torment.
You are immune to petrification.


Message History

The goblin barely misses you. You block the goblin's attack. x2
A goblin comes into view. It is wielding a +0 dagger.
You hit the goblin.
The goblin is moderately wounded.
The goblin completely misses you. The goblin hits you with a +0 club.
The goblin hits you but does no damage. The goblin barely misses you.
You hit the goblin.
You kill the goblin!
The goblin closely misses you. The goblin hits you but does no damage.
You block the goblin's attack.
You barely miss the goblin. Robin throws the goblin at you!
The goblin barely misses you. You block the goblin's attack.
The goblin barely misses you. The goblin hits you but does no damage.
You block the goblin's attack. The goblin closely misses you.
The goblin hits you but does no damage. x2
The goblin hits you with a +0 dagger.
You barely miss the goblin. You block the goblin's attack.
The goblin hits you but does no damage. x2
The goblin hits you with a +0 dagger. x2; You block the goblin's attack.
You barely miss the goblin. The goblin hits you but does no damage.
The goblin closely misses you. The goblin hits you but does no damage.
You block the goblin's attack. The goblin barely misses you. x2
The goblin hits you but does no damage. You block the goblin's attack. x2
You hit the goblin.
The goblin is heavily wounded.
The goblin closely misses you. Robin throws the goblin at you!
The goblin barely misses you. You block the goblin's attack. x2
The goblin closely misses you. The goblin hits you with a +0 club.
* * * LOW HITPOINT WARNING * * *
The goblin unwields a +0 hunting sling.
The goblin wields a +0 dagger.
You block the goblin's attack.
You barely miss the goblin. The goblin barely misses you.
You block the goblin's attack. x2; The goblin hits you but does no damage.
You block the goblin's attack. The goblin completely misses you.
The goblin hits you but does no damage. The goblin barely misses you.
The goblin hits you with a +0 dagger.
* * * LOW HITPOINT WARNING * * *
The goblin hits you with a +0 dagger.
You die...

#############
############.#.gggg....#.
...........'...#@gJg.....
############.#.gg#g#.#...
#.#...#.# #...#...# #
#.#.#.#...# #####
########### ..... ###.. #


You could see Robin, an endoplasm, a hobgoblin (strong) and 7 goblins.

Vanquished Creatures
  An endoplasm (D:2)
  3 giant cockroaches (D:1)
  5 goblins
  2 hobgoblins (D:1)
  A quokka (D:1)
  2 ball pythons
  3 bats (D:1)
  4 frilled lizards (D:1)
  2 kobolds (D:1)
  2 rats (D:1)
25 creatures vanquished.

Notes
Turn   | Place    | Note
-------+----------+-------------------------------------------
     0 | D:1      | Sabo the Gargoyle Fighter began the quest for the Orb.
     0 | D:1      | Reached XP level 1. HP: 14/14 MP: 1/1
   539 | D:1      | Reached XP level 2. HP: 15/19 MP: 2/2
  1759 | D:2      | Reached XP level 3. HP: 23/23 MP: 3/3
  1759 | D:2      | Noticed Robin
  1771 | D:2      | Slain by a goblin

Illustrated notes

Levels and vault maps discovered:
D:1:      amcnicky_arrival_single_pillar, layout_basic, serial_bayou_crossing
D:2:      layout_basic, shapermc_ecumenical_altar_mp_vishouse,
          minmay_misc_feat_alley, uniq_robin

Action                   || total
-------------------------++-------
Melee: Flail             ||    77
  Use: Scroll            ||     3
Armor: Scale mail        ||    61
Dodge: Dodged            ||    51
Block: Kite shield       ||    62

Table legend: (Time is in decaauts)
 A = Elapsed time spent in this place.
 B = Non-inter-level travel time spent in this place.
 C = Inter-level travel time spent in this place.
 D = Time resting spent in this place.
 E = Time spent auto-exploring this place.
 F = Levels seen in this place.
 G = Mean time per level.
                   A        B        C        D        E       F      G
               +--------+--------+--------+--------+--------+-----+--------+
         Total |   1831 |   1831 |      0 |    590 |      0 |   2 |  915.5 |
       Dungeon |   1831 |   1831 |      0 |    590 |      0 |   2 |  915.5 |
               +--------+--------+--------+--------+--------+-----+--------+

Top non-repeatable levels by time:
     D:1: 1569 daAuts
     D:2: 261 daAuts
